 Dungeon Crawl Stone Soup version 0.30.0-18-gc0e69614cb (webtiles) character file.

Game seed: 2154279576456742392

91 sampeng1 the Covered (level 4, -1/36 HPs)
             Began as a Human Fighter on May 25, 2023.
             Was a Follower of Okawaru.
             Slain by an ogre
             ... wielding a +0 giant spiked club
              (26 damage)
             ... on level 3 of the Dungeon.
             The game lasted 00:08:36 (2876 turns).

sampeng1 the Covered (Human Fighter)                Turns: 2876, Time: 00:08:37

Health: -1/36      AC: 11    Str: 17 (18) XL:     4   Next: 88%
Magic:  0/4        EV:  7    Int:  8 (9)  God:    Okawaru [*.....]
Gold:   163        SH:  5    Dex: 18      Spells: 3/3 levels left

rFire   . . .        a - +2 war axe
rCold   . . .        c - +0 buckler
rNeg    . . .        m - +0 chain mail
rPois   .            (no helmet)
rElec   .            l - +1 cloak
rCorr   .            (no gloves)
SInv    .            (no boots)
Will    .....        g - amulet of guardian spirit Stlth
                     e - +6 ring of dexterity
HPRegen 0.26/turn    (no ring)
MPRegen 0.09/turn

%: guardian spirit
@: no status effects
A: no striking features
a: Renounce Religion, Heroism


You were on level 3 of the Dungeon.
You worshipped Okawaru.
Okawaru was aware of your devotion.
You visited 1 branch of the dungeon, and saw 3 of its levels.

You collected 163 gold pieces.

Inventory:

Hand Weapons
 a - a +2 war axe (weapon)
Missiles
 j - 2 poisoned darts
Armour
 c - a +0 buckler (worn)
 i - a scarf of resistance
 l - a +1 cloak (worn)
 m - a +0 chain mail (worn)
Jewellery
 e - a +6 ring of dexterity (left hand)
 g - an amulet of guardian spirit (around neck)
Wands
 k - a wand of roots (10)
Scrolls
 f - 2 scrolls of vulnerability
 h - a scroll of fog
 p - a scroll of fear
Potions
 d - a potion of might


   Skills:
 + Level 3.6 Fighting
 + Level 2.9 Axes
 + Level 3.6 Armour
 + Level 3.6 Shields


You had 3 spell levels left.
You didn't know any spells.
Your spell library contained the following spells:

 Spells                   Type           Power      Damage    Failure   Level
 Portal Projectile        Hex/Tloc       0%         N/A       100%        3
 Blade Hands              Tmut           0%         N/A       100%        5
 Tukima's Dance           Hex            Unusable   N/A       N/A         3

Dungeon Overview and Level Annotations

Branches:
Dungeon (3/15)

Altars:
Makhleb
Nemelex Xobeh
Okawaru


Message History

The endoplasm completely misses you.
You barely miss the endoplasm. The endoplasm closely misses you.
You hit the endoplasm.
The endoplasm is severely wounded.
The endoplasm closely misses you.
You slash the endoplasm!
You kill the endoplasm!
Okawaru accepts your kill.
You see here a +1 cloak.
l - a +1 cloak You feel agile.
e - a +6 ring of dexterity (left hand)
You start removing your armour.
You continue taking off your scarf of resistance. x4
You finish taking off your scarf of resistance.
You feel hot and cold all over.
You start putting on your armour.
You continue putting on your +1 cloak. x5
You finish putting on your +1 cloak.
As you read the scroll of enchant weapon, it crumbles to dust.
Your +1 war axe glows red for a moment.
An ogre comes into view. It is wielding a +0 giant spiked club.
The ogre shouts!
The ogre hits you with a +0 giant spiked club.
You slash the ogre!
The ogre is moderately wounded.
The ogre hits you with a +0 giant spiked club.
You slash the ogre!
The ogre is severely wounded.
The ogre hits you with a +0 giant spiked club!
You completely miss the ogre.
The ogre is severely wounded.
The ogre barely misses you.
You hit the ogre but do no damage.
The ogre is severely wounded.
The ogre barely misses you.
You hit the ogre.
The ogre is severely wounded.
The ogre hits you with a +0 giant spiked club!!
Ouch! That really hurt!
You die... ##..## #....##.#.#####.....### ♣PPP♣

#....##.#.##........'..
♣PP.♣
#....##.#...........###
♣♣.♣♣
#....##.#...........# ♣.
#.#####'#...........### ♣♣
#..........#........##.
#.........).........'..
#......O............##.
####.....@.............##.
#.............>........##.
####...........#......###.
#...........#...._.###.
#.>..................#.
#.#####+##..########.#.
###########.# #. #..# #.##
#...........# #. #..# #.##
#...........# #.##..# #.#.


You could see an ogre.

Vanquished Creatures
  2 adders (D:3)
  4 dart slugs
  An orc (D:3)
  6 ball pythons
  8 bats
  6 endoplasms
  5 giant cockroaches
  4 goblins (D:1)
  4 hobgoblins
  4 jackals (D:1)
  A quokka (D:1)
  3 frilled lizards
  5 kobolds
  5 rats
58 creatures vanquished.

Notes
Turn   | Place    | Note
-------+----------+-------------------------------------------
     0 | D:1      | sampeng1 the Human Fighter began the quest for the Orb.
     0 | D:1      | Reached XP level 1. HP: 18/18 MP: 1/1
   144 | D:1      | Reached XP level 2. HP: 24/24 MP: 2/2
   271 | D:1      | Reached XP level 3. HP: 29/29 MP: 3/3
  1117 | D:2      | Reached XP level 4. HP: 35/35 MP: 4/4
  1592 | D:2      | Found a faded altar of an unknown god.
  1617 | D:2      | Prayed at the altar of an unknown god.
  1617 | D:2      | Became a worshipper of Warmaster Okawaru
  1617 | D:2      | Reached * piety under Okawaru
  2180 | D:3      | Found a burning altar of Makhleb.
  2423 | D:3      | Gained mutation: You have hidden genetic defects. [potion
                  | of mutation]
  2423 | D:3      | Lost mutation: You have hidden genetic defects. [potion of
                  | mutation]
  2733 | D:3      | Found a sparkling altar of Nemelex Xobeh.
  2868 | D:3      | Noticed an ogre
  2876 | D:3      | Slain by an ogre

Illustrated notes

Levels and vault maps discovered:
D:1:      lightli_molten_gateway, layout_basic
D:2:      layout_basic, hellmonk_ecumenical_altar_heavens_door
D:3:      layout_basic, nemelex_dance_club_becter,
          nicolae_qazlal_scattered_showers, bloody_makhleb,
          uniq_crazy_yiuf_cottage

Action                     |  1- 3 |  4- 6 || total
---------------------------+-------+-------++-------
  Melee: War axe           |    91 |    49 ||   140
    Use: Scroll            |     5 |     3 ||     8
         Potion            |     1 |     4 ||     5
 Armour: Scale mail        |    53 |     7 ||    60
         Chain mail        |       |    21 ||    21
  Dodge: Dodged            |    47 |    20 ||    67
  Block: Buckler           |    21 |    12 ||    33
